 Dungeon Crawl Stone Soup version 0.27-a0-75-g9f9dfd16e9 (webtiles) character file.

Game seed: 919999406522872261

79 lunkers the Digger (level 4, -3/27 HPs)
             Began as an Octopode Earth Elementalist on Jan 12, 2021.
             Slain by a goblin
             ... wielding a +0 club
             ... led by Robin
              (4 damage)
             ... on level 3 of the Dungeon.
             The game lasted 00:02:33 (2573 turns).

lunkers the Digger (Octopode Earth Elementalist)    Turns: 2573, Time: 00:02:33

Health: -3/27      AC:  1    Str:  7    XL:     4   Next: 37%
Magic:  1/8        EV: 13    Int: 18    God:
Gold:   61         SH:  0    Dex: 12    Spells: 2/8 levels left

rFire    . . .     SeeInvis .   o - +6 club (spect)
rCold    . . .     Faith    .   (no shield)
rNeg     . . .     Spirit   .   i - +0 hat
rPois    .         Reflect  .   (no amulet)
rElec    .         Harm     .   (no ring)
rCorr    .         Rampage  .   (no ring)
Will     .....                  (no ring)
Stlth    +++.......             (no ring)
HPRegen  0.09/turn              (no ring)
MPRegen  0.11/turn              (no ring)
                                (no ring)
                                (no ring)

@: no status effects
A: almost no armour, stealthy swim, amphibious, 8 rings, constrict 8, camouflage
1, gelatinous body 1
a: no special abilities


You were on level 3 of the Dungeon.
You visited 1 branch of the dungeon, and saw 3 of its levels.

You collected 61 gold pieces.

Inventory:

Hand Weapons
 o - a +6 spectral club (weapon)
Missiles
 m - 45 stones
Armour
 i - a +0 hat (worn)
Scrolls
 b - 2 scrolls of fog {unknown}
 c - 2 scrolls of identify {unknown}
 d - 2 scrolls of remove curse {unknown}
 e - a scroll of noise {unknown}
 g - 4 scrolls of random uselessness {unknown}
 k - a scroll of amnesia {unknown}
 n - a scroll of blinking {unknown}
Potions
 a - a potion of ambrosia {unknown}
 f - a potion of berserk rage {unknown}
 h - a potion of lignification {unknown}
 j - a potion of heal wounds {unknown}
 l - 2 potions of degeneration {unknown}


   Skills:
 - Level 2.0 Dodging
 - Level 2.6 Stealth
 + Level 2.8 Spellcasting
 - Level 1.0 Transmutations
 * Level 4.5 Earth Magic


You had 2 spell levels left.
You knew the following spells:

 Your Spells              Type           Power        Failure   Level
a - Stone Arrow           Conj/Erth      20%          21%         3
b - Passwall              Tmut/Erth      10%          9%          2
c - Sandblast             Erth           36%          2%          1

Your spell library contained the following spells:

 Spells                   Type           Power        Failure   Level
 Petrify                  Tmut/Erth      12%          47%         4
 Lee's Rapid Deconstruct  Erth           9%           58%         5


Dungeon Overview and Level Annotations

Branches:
Dungeon (3/15)

Altars:
Qazlal
Vehumet
Yredelemnul
The Shining One


Innate Abilities, Weirdness & Mutations

You cannot wear most types of armour.
You are very stealthy in the water. (Stealth+)
You are amphibious.
You can wear up to eight rings at the same time.
You can use your tentacles to constrict eight enemies at once.
Your skin changes colour to match your surroundings (Stealth+).
Your rubbery body absorbs attacks. (AC +1, EV +1)


Message History

Press: ? - help, Shift-Dir - straight line, f - goblin
Aim: a goblin, wielding a +0 dagger (26% to evade)
The blast of sand hits the goblin!
You kill the goblin!
* * * LOW MAGIC WARNING * * *
Unknown command.
You have a feeling of ineptitude.
o - a +6 spectral club (weapon)
You start resting.
A hobgoblin comes into view. It is wielding a +0 club.
A hobgoblin is nearby!
You hit the orc. Your grab misses the orc.
The orc is severely wounded.
The orc hits you.
* * * LOW HITPOINT WARNING * * *
You hit the orc.
You kill the orc!
You barely miss the goblin. Your grab misses the goblin.
The goblin hits you with a +0 club.
You die...

#....# #........####.#.#.#
####....###........# #.#.#.#
............>......# #.#.#.#
#....#.#####+#.....####)#.#.#
+... +.....#.#.##.........#.#
#..
#.......#....<####.###.#####
#. #.......#####.# #.#
#...... . #.........g.#.#
#.########.
#......####@#.####.....# #.
##g###)#...#.#.##.....#.# #.
#....[.#.#.#.# #.###.#.####.
#..#######.#.# ... #.#....#.
#..###.....g.#### #.####.#.
#......# ..# ..# #.#.
...#.g(...# ...# ### #.#.
...........##..... #.#.
....#............. #.#.


You could see a hobgoblin and a goblin.

Vanquished Creatures
  Robin (D:3)
  2 oozes
  3 leopard geckos
  3 orcs (D:3)
  9 bats
  12 goblins
  7 hobgoblins
  2 jackals (D:2)
  A quokka (D:2)
  A ball python (D:1)
  4 frilled lizards
  4 kobolds
  3 rats
52 creatures vanquished.

Vanquished Creatures (others)
  A kobold (D:2)
1 creature vanquished.

Grand Total: 53 creatures vanquished

Notes
Turn   | Place    | Note
-------+----------+-------------------------------------------
     0 | D:1      | lunkers the Octopode Earth Elementalist began the quest for
                  | the Orb.
     0 | D:1      | Reached XP level 1. HP: 11/11 MP: 3/3
    66 | D:1      | Reached XP level 2. HP: 15/17 MP: 1/5
   620 | D:1      | Reached XP level 3. HP: 21/21 MP: 3/6
   965 | D:2      | Found a radiant altar of Vehumet.
  1147 | D:2      | Learned a level 2 spell: Passwall
  1151 | D:2      | Learned a level 3 spell: Stone Arrow
  1158 | D:2      | Reached skill level 4 in Earth Magic
  1445 | D:2      | Found a glowing golden altar of the Shining One.
  1477 | D:2      | Noticed an angel
  1486 | D:2      | Found a basalt altar of Yredelemnul.
  1835 | D:2      | Found a stormy altar of Qazlal.
  2530 | D:3      | Noticed Robin
  2542 | D:3      | Reached XP level 4. HP: 26/27 MP: 1/8
  2555 | D:3      | Killed Robin
  2571 | D:3      | HP: 1/27 [orc (5)]
  2573 | D:3      | Slain by a goblin

Illustrated notes

Levels and vault maps discovered:
D:1:      lightli_arrival_isolated_outpost, layout_loops_cross,
          grunt_decor_mini_mirrors, hangedman_decor_push
D:2:      layout_basic, grunt_temple_overflow_holy_war, vehumet_crystals,
          overflow_temple_1_default, kennysheep_generic_room_8
D:3:      layout_basic, grunt_ministairs_8, uniq_robin, uniq_jessica

Skill      XL: |  1  2  3 |
---------------+----------+-----
Earth Magic    | 4 |  4.5
Dodging        | |  2.0
Stealth        | |  2.6
Spellcasting   | |  2.8
Transmutations | |  1.0

Action                   |  1- 3 |  4- 6 || total
-------------------------+-------+-------++-------
Melee: Unarmed           |    35 |    11 ||    46
       Constrict         |     9 |     5 ||    14
       Tentacles         |     7 |     4 ||    11
       Club              |       |     3 ||     3
 Cast: Sandblast         |    30 |     4 ||    34
       Stone Arrow       |    13 |       ||    13
 Stab: Sleeping          |     1 |       ||     1
Armor: Skin              |     5 |       ||     5
Dodge: Dodged            |    32 |     5 ||    37

Table legend: (Time is in decaauts)
 A = Elapsed time spent in this place.
 B = Non-inter-level travel time spent in this place.
 C = Inter-level travel time spent in this place.
 D = Time resting spent in this place.
 E = Time spent auto-exploring this place.
 F = Levels seen in this place.
 G = Mean time per level.
                   A        B        C        D        E       F      G
               +--------+--------+--------+--------+--------+-----+--------+
         Total |   2572 |   2523 |     49 |      0 |   2231 |   3 |  857.3 |
       Dungeon |   2572 |   2523 |     49 |      0 |   2231 |   3 |  857.3 |
               +--------+--------+--------+--------+--------+-----+--------+

Top non-repeatable levels by time:
     D:2: 1441 daAuts
     D:1: 957 daAuts
     D:3: 173 daAuts
